 Dungeon Crawl Stone Soup version 0.29-a0-90-gc37658a0fe (webtiles) character file.

Game seed: 2122524064146102148

1296 innerfire433 the Magician (level 8, -7/37 (41) HPs)
             Began as a Deep Elf Conjurer on Feb 6, 2022.
             Was a Follower of Okawaru.
             Mangled by a wight (17 damage)
             ... on level 6 of the Dungeon.
             The game lasted 00:14:34 (6230 turns).

innerfire433 the Magician (Deep Elf Conjurer)       Turns: 6230, Time: 00:14:35

HP:   -7/37 (41)    AC:  3    Str:  9    XL:     8   Next: 31%
MP:   11/21         EV: 12    Int: 24    God:    Okawaru [*.....]
Gold: 237           SH:  0    Dex: 13    Spells: 19/22 levels left

rFire   + . .      SeeInvis .   q - +5 mace of Certain Death {drain, +Blink Will- Str+3}
rCold   . . .      Faith    .   (no shield)
rNeg    . . .      Spirit   .   l - +0 robe {rF+}
rPois   .          Reflect  .   (helmet restricted)
rElec   .          Harm     .   (no cloak)
rCorr   .          Rampage  .   e - +0 pair of gloves
Will    .....                   (no boots)
Stlth   +++.......              (no amulet)
HPRegen 0.12/turn               (no ring)
MPRegen 0.17/turn               (no ring)

@: drained
A: horns 1, camouflage 1
a: Renounce Religion, Evoke Blink, Heroism


You were on level 6 of the Dungeon.
You worshipped Okawaru.
Okawaru was aware of your devotion.
You visited 1 branch of the dungeon, and saw 6 of its levels.

You collected 237 gold pieces.

Inventory:

Hand Weapons
 h - a +1 dagger of electrocution
 q - the +5 mace of Certain Death (weapon) {drain, +Blink Will- Str+3}
   (You found it on level 3 of the Dungeon)

   A truly terrible weapon, it drains the life of any living foe it strikes.
   Str:       It affects your strength (+3).
   +Blink:    It lets you blink.
   Will:      It decreases your willpower.
 r - the +3 dagger "Poolijy" {venom, Str+2}
   (You found it on level 5 of the Dungeon)

   It poisons the flesh of those it strikes.
   Str:       It affects your strength (+2).
Armour
 a - a +0 robe
 e - a +0 pair of gloves (worn)
 l - a +0 robe of fire resistance (worn)
Scrolls
 b - a scroll of holy word
 d - a scroll of fear
Potions
 c - 2 potions of ambrosia
 f - a potion of cancellation
 j - 2 potions of curing
 k - a potion of lignification
 o - a potion of magic {unknown}
 p - a potion of brilliance {unknown}


   Skills:
 - Level 3.1 Short Blades
 * Level 2.8 Maces & Flails
 - Level 2.6 Dodging
 - Level 2.7 Stealth
 * Level 7.8 Spellcasting
 * Level 6.8 Conjurations
 + Level 3.0 Invocations
 + Level 2.9 Evocations


You had 19 spell levels left.
You knew the following spells:

 Your Spells              Type           Power      Damage    Failure   Level
a - Magic Dart            Conj           100%       1d8       1%          1
b - Searing Ray           Conj           84%        2d7       1%          2

Your spell library contained the following spells:

 Spells                   Type           Power      Damage    Failure   Level
 Dazzling Flash           Conj/Hex       50%        N/A       4%          3
 Stone Arrow              Conj/Erth      50%        3d10      4%          3
 Beastly Appendage        Tmut           18%        N/A       7%          1
 Sandblast                Erth           18%        2d7       7%          1
 Ensorcelled Hibernation  Hex/Ice        18%        N/A       10%         2
 Passwall                 Tmut/Erth      7%         N/A       10%         2
 Wereblood                Tmut           9%         N/A       10%         2
 Fulminant Prism          Conj/Hex       12%        3d9       16%         4
 Iskenderun's Mystic Bla  Conj/Tloc      25%        2d7       16%         4
 Spider Form              Tmut/Pois      9%         N/A       21%         3
 Swiftness                Air            9%         N/A       21%         3


Dungeon Overview and Level Annotations

Branches:
Dungeon (6/15)             Temple (0/1) D:5

Altars:
Okawaru
Ru


Innate Abilities, Weirdness & Mutations

You have a pair of small horns on your head.
Your skin changes colour to match your surroundings (Stealth+).


Message History

The wight is moderately damaged.
The wight hits you from afar with a +0 halberd!
You feel drained.
The searing ray hits the wight.
The wight is moderately damaged.
The searing ray hits the wight.
The wight is moderately damaged.
The wight hits you from afar with a +0 halberd.
You feel drained.
The searing ray hits the wight.
The wight is heavily damaged.
The searing ray hits the wight!
The wight is severely damaged.
You finish channelling your searing ray.
The wight closely misses you.
You feel much better. The wight barely misses you.
Casting: Searing Ray (safe; 1% risk of failure)
Confirm with . or Enter, or press ? or * to list all spells.
Aiming: Searing Ray (safe; 1% risk of failure)
Press: ? - help, Shift-Dir - straight line The searing ray hits the wight!
You destroy the wight!
Okawaru accepts your kill.
The searing ray hits the wight but does no damage.
The wight is heavily damaged. (Press . to maintain the ray.)
The wight hits you from afar with a +0 halberd!
Your Invocations skill increases to level 3!
The searing ray hits the wight.
The wight is heavily damaged.
The wight hits you from afar with a +0 halberd!
You feel drained.
The searing ray hits the wight.
The wight is severely damaged.
The searing ray misses the wight.
The wight hits you from afar with a +0 halberd!
* * * LOW HITPOINT WARNING * * *
You feel better.
The wight hits you from afar with a +0 halberd!
You die...

#.........
####.........
###.##.........
##.............
#.............
##..........## ## .
..#...<........##.....
......................#
........##..#@..#....##
...........##)..# ....
...........##zz.#..##..
.........#..#..........
.........#......##.....
.....##..####....#...##
...# ## #..........##
#..............
.....)............


You could see 2 wights.

Vanquished Creatures
  A necrophage (D:2)
  5 ogres
  2 scorpions
  A water moccasin skeleton (D:4)
  2 wights (D:6)
  A howler monkey (D:5)
  A centaur zombie (D:6)
  A jelly (D:4)
  A gnoll shaman (D:4)
  3 iguanas
  A centaur skeleton (D:5)
  Natasha (twice) (D:2)
  2 hound skeletons
  8 gnolls
  5 adders
  A shadow imp (D:5)
  2 adder skeletons (D:4)
  2 worms (D:2)
  3 dart slugs
  4 orcs
  8 bats
  4 endoplasms
  2 giant cockroaches
  11 goblins
  9 hobgoblins
  9 jackals
  5 quokkas
  9 ball pythons
  2 frilled lizards
  8 kobolds
  7 rats
122 creatures vanquished.

Notes
Turn   | Place    | Note
-------+----------+-------------------------------------------
     0 | D:1      | innerfire433 the Deep Elf Conjurer began the quest for the
                  | Orb.
     0 | D:1      | Reached XP level 1. HP: 10/10 MP: 6/6
   197 | D:1      | Reached XP level 2. HP: 15/15 MP: 4/8
   561 | D:1      | Reached XP level 3. HP: 19/19 MP: 8/10
   609 | D:1      | Learned a level 2 spell: Searing Ray
   725 | D:1      | Reached skill level 4 in Spellcasting
  1181 | D:2      | Reached skill level 5 in Conjurations
  1398 | D:2      | Noticed Natasha
  1401 | D:2      | Killed Natasha
  1402 | D:2      | Reached skill level 1 in Short Blades
  1402 | D:2      | Reached XP level 4. HP: 24/24 MP: 2/12
  1524 | D:2      | Noticed Natasha
  1531 | D:2      | Killed Natasha
  1759 | D:2      | Found an iron altar of Okawaru.
  1792 | D:2      | Became a worshipper of Warmaster Okawaru
  1943 | D:2      | Noticed a necrophage
  1950 | D:2      | Killed a necrophage
  1951 | D:2      | Reached skill level 5 in Spellcasting
  1951 | D:2      | Reached XP level 5. HP: 28/28 MP: 5/14
  2759 | D:3      | Found a sacrificial altar of Ru.
  2902 | D:3      | Reached XP level 6. HP: 32/32 MP: 6/16
  3001 | D:3      | Found a faded altar of an unknown god.
  3008 | D:3      | Identified the +5 mace of Certain Death {drain, +Blink
                  | Will- Str+3}
  3372 | D:4      | Reached skill level 1 in Invocations
  3679 | D:4      | Reached skill level 6 in Spellcasting
  3679 | D:4      | Reached skill level 1 in Evocations
  3796 | D:4      | Reached * piety under Okawaru
  3797 | D:4      | Reached skill level 1 in Maces & Flails
  3918 | D:4      | Reached XP level 7. HP: 25/36 MP: 10/18
  4702 | D:5      | Entered Level 5 of the Dungeon
  4710 | D:5      | Identified the +3 dagger "Poolijy" {venom, Str+2}
  4736 | D:5      | Found a staircase to the Ecumenical Temple.
  4746 | D:5      | Reached skill level 7 in Spellcasting
  5313 | D:5      | Reached XP level 8. HP: 41/41 MP: 16/21
  5997 | D:5      | Gained mutation: You have a pair of small horns on your
                  | head. [potion of mutation]
  5997 | D:5      | Gained mutation: Your skin changes colour to match your
                  | surroundings (Stealth+). [potion of mutation]
  6230 | D:6      | Mangled by a wight

Illustrated notes

Levels and vault maps discovered:
D:1:      psy_arrival_radial01, layout_loops_cross, minmay_misc_feat_nine_boxes,
          minmay_tromino_mix6
D:2:      layout_loops_cross, basic_altar, hex_tiny, minmay_misc_feat_square,
          minmay_misc_feat_diagonals, minmay_box_of_dots, uniq_natasha
D:3:      layout_basic, nicolae_ru_the_path_less_chosen,
          hellmonk_ecumenical_altar_arch_garden
D:4:      layout_cave_pods, st_stairs_9, grunt_ministairs_12
D:5:      layout_basic, minmay_temple_entry_junction_2, gup_sewer_entry_bubbles,
          serial_glass, glass_columns_a, glass_columns_a, glass_columns_b,
          glass_columns_c, glass_columns_c, glass_columns_a, glass_columns_b,
          glass_columns_a
D:6:      layout_cave_pools, mainiacjoe_overflow_concentric_impassable,
          st_stairs_13

Skill      XL: |  1  2  3  4  5  6  7  8 |
---------------+-------------------------+-----
Spellcasting   | 4 5 6 7 |  7.8
Conjurations   | 5 6 |  6.8
Short Blades   | 1 2 3 |  3.1
Invocations    | 1 2 3 |  3.0
Evocations     | 1 2 |  2.9
Maces & Flails | 1 2 |  2.8
Dodging        | |  2.6
Stealth        | |  2.7

Action                   |  1- 3 |  4- 6 |  7- 9 || total
-------------------------+-------+-------+-------++-------
Melee: Mace              |       |       |     8 ||     8
 Cast: Magic Dart        |    85 |   127 |    92 ||   304
       Searing Ray       |       |     2 |    11 ||    13
  Use: Scroll            |       |    10 |     5 ||    15
       Potion            |       |       |     4 ||     4
Armor: Robe              |     3 |       |     8 ||    11
Dodge: Dodged            |     6 |     2 |    24 ||    32

Table legend: (Time is in decaauts)
 A = Elapsed time spent in this place.
 B = Non-inter-level travel time spent in this place.
 C = Inter-level travel time spent in this place.
 D = Time resting spent in this place.
 E = Time spent auto-exploring this place.
 F = Levels seen in this place.
 G = Mean time per level.
                   A        B        C        D        E       F      G
               +--------+--------+--------+--------+--------+-----+--------+
         Total |   6262 |   5980 |    282 |      0 |   5280 |   6 | 1043.7 |
       Dungeon |   6262 |   5980 |    282 |      0 |   5280 |   6 | 1043.7 |
               +--------+--------+--------+--------+--------+-----+--------+

Top non-repeatable levels by time:
     D:4: 1479 daAuts
     D:5: 1457 daAuts
     D:2: 1184 daAuts
     D:1: 1168 daAuts
     D:3: 875 daAuts
     D:6: 97 daAuts
